 Dungeon Crawl Stone Soup version 0.28.0-53-g5a82cb258f (webtiles) character file.

Game seed: 10465953170563566275

271 Kranky the Sneak (level 6, 0/43 HPs)
             Began as an Octopode Wanderer on June 19, 2022.
             Slain by a black bear (6 damage)
             ... on level 4 of the Dungeon.
             The game lasted 00:06:28 (3805 turns).

Kranky the Sneak (Octopode Wanderer)                Turns: 3805, Time: 00:06:29

Health: 0/43       AC:  1    Str: 15    XL:     6   Next: 23%
Magic:  5/8        EV: 13    Int: 11    God:
Gold:   123        SH:  8    Dex: 13    Spells: 7/8 levels left

rFire   . . .      SeeInvis .   a - +2 spear
rCold   . . .      Faith    .   l - +0 buckler
rNeg    . . .      Spirit   .   b - +0 hat
rPois   .          Reflect  +   q - amulet of reflection
rElec   .          Harm     .   (no ring)
rCorr   .          Rampage  .   (no ring)
Will    .....                   (no ring)
Stlth   +++.......              (no ring)
HPRegen 0.14/turn               (no ring)
MPRegen 0.11/turn               (no ring)
                                (no ring)
                                (no ring)

@: no status effects
A: almost no armour, amphibious, 8 rings, camouflage 1, gelatinous body 1,
(nimble swimmer 1), tentacles
a: no special abilities


You were on level 4 of the Dungeon.
You visited 1 branch of the dungeon, and saw 4 of its levels.

You collected 123 gold pieces.

Inventory:

Hand Weapons
 a - a +2 spear (weapon)
Missiles
 j - 118 stones
 n - 4 poisoned darts
Armour
 b - a +0 hat (worn)
 l - a +0 buckler (worn)
Jewellery
 h - a ring of ice
 q - an amulet of reflection (around mantle)
 s - a ring of ice
Scrolls
 c - 3 scrolls of identify {unknown}
 e - 3 scrolls of fear {unknown}
 g - 2 scrolls of teleportation {unknown}
 r - a scroll of holy word {unknown}
 t - a scroll of summoning {unknown}
Potions
 d - a potion of magic {unknown}
 f - a potion of brilliance {unknown}
 i - 2 potions of curing {unknown}
 k - a potion of might {unknown}
 m - a potion of flight {unknown}
 o - a potion of cancellation {unknown}
 p - a potion of mutation {unknown}
 u - a potion of haste {unknown}


   Skills:
 + Level 3.7 Fighting
 - Level 3.2 Polearms
 + Level 3.6 Dodging
 - Level 4.0 Stealth
 + Level 0.5 Shields
 + Level 1.6 Spellcasting
 + Level 1.9 Poison Magic
 - Level 1.1 Evocations


You had 7 spell levels left.
You knew the following spells:

 Your Spells              Type           Power      Damage    Failure   Level
a - Sting                 Tmut/Pois      12%        1d3       28%         1

Your spell library contained the following spells:

 Spells                   Type           Power      Damage    Failure   Level
 Mephitic Cloud           Conj/Pois/Air  2%         N/A       67%         3


Dungeon Overview and Level Annotations

Branches:
Dungeon (4/15)
 Temple: D:4-7

Altars:

Annotations:
D:2 1 runed translucent door, Crazy Yiuf


Innate Abilities, Weirdness & Mutations

You cannot wear most types of armour.
You are amphibious.
You can wear up to eight rings at the same time.
Your skin changes colour to match your surroundings (Stealth+).
Your rubbery body absorbs attacks. (AC +1, EV +1)
((You are camouflaged when in or above water. (Stealth+)))
You have tentacles for arms and can constrict up to eight enemies at once.


Message History

Casting: Sting (safe; 28% risk of failure)
Confirm with . or Enter, or press ? or * to list all spells.
Aiming: Sting (safe; 28% risk of failure)
Press: ? - help, Shift-Dir - straight line, f/p - black bear
Aim: a black bear (severely wounded, poisoned, 74% to hit)
The sting misses the black bear.
The black bear closely misses you. x2
The black bear misses you.
Casting: Sting (safe; 28% risk of failure)
Confirm with . or Enter, or press ? or * to list all spells.
Aiming: Sting (safe; 28% risk of failure)
Press: ? - help, Shift-Dir - straight line, f/p - black bear
Aim: a black bear (severely wounded, poisoned, 74% to hit)
The sting hits the black bear.
The black bear looks even sicker.
The black bear is severely wounded.
The black bear bites you. The black bear barely misses you.
The black bear claws you.
The black bear goes berserk!
The black bear rages.
The black bear bites you! You block the black bear's attack.
The black bear misses you. You block the black bear's attack.
The black bear claws you. The black bear completely misses you.
You block the black bear's attack. The black bear misses you.
The black bear claws you.
Casting: Sting (safe; 28% risk of failure)
Confirm with . or Enter, or press ? or * to list all spells.
Aiming: Sting (safe; 28% risk of failure)
Press: ? - help, Shift-Dir - straight line, f/p - black bear
Aim: a black bear (almost dead, berserk, poisoned, 74% to hit)
The sting hits the black bear.
The black bear looks even sicker.
The black bear is almost dead.
The black bear barely misses you. The black bear claws you.
You block the black bear's attack. The black bear barely misses you.
You block the black bear's attack. x2
The black bear rages.
The black bear closely misses you. You block the black bear's attack. x2
The black bear bites you!
* * * LOW HITPOINT WARNING * * *
The black bear claws you.
You die...

..>.# #.............#
###.####.............#
....................#
#..###.............#
#...##.#+#'#########
#.......#.# #.........#
#...#############
#......#....h@..#
##..##.#.######.# #...#.#.#
#.# ##†.#.#.# #.#
#..#.#.######.#
...####.#..........#
............#####..#########
........................(...
.#.####..#######..#######.##


You could see a black bear (berserk, very poisoned).

Vanquished Creatures
  An ogre (D:4)
  A howler monkey (D:4)
  An iguana (D:3)
  An orc wizard (D:3)
  Robin (D:1)
  4 adders
  A worm (D:3)
  2 dart slugs
  3 orcs (D:3)
  A ball python (D:1)
  5 endoplasms
  A giant cockroach (D:1)
  10 goblins
  9 hobgoblins
  2 quokkas
  2 bats (D:3)
  3 frilled lizards
  2 kobolds
  4 rats
54 creatures vanquished.

Notes
Turn   | Place    | Note
-------+----------+-------------------------------------------
     0 | D:1      | Kranky the Octopode Wanderer began the quest for the Orb.
     0 | D:1      | Kranky set off with the following items: a +2 spear, a +0
                  | hat; and the following spell memorised: Sting; and the
                  | following spells available to memorise: Mephitic Cloud
     0 | D:1      | Reached XP level 1. HP: 14/14 MP: 2/2
    43 | D:1      | Found a faded altar of an unknown god.
   461 | D:1      | Reached XP level 2. HP: 19/19 MP: 3/3
  1200 | D:2      | Noticed Robin
  1222 | D:2      | Reached skill level 1 in Stealth
  1245 | D:1      | Killed Robin
  1246 | D:1      | Reached XP level 3. HP: 9/24 MP: 4/4
  1874 | D:2      | Found a runed translucent door.
  1875 | D:2      | Noticed Crazy Yiuf
  2127 | D:3      | Reached skill level 2 in Stealth
  2133 | D:3      | Reached XP level 4. HP: 16/30 MP: 5/5
  2885 | D:3      | Reached skill level 3 in Stealth
  2885 | D:3      | Reached XP level 5. HP: 26/36 MP: 6/6
  3500 | D:4      | Noticed an ogre
  3529 | D:4      | Killed an ogre
  3530 | D:4      | Reached skill level 4 in Stealth
  3530 | D:4      | Reached XP level 6. HP: 42/42 MP: 5/8
  3758 | D:4      | Noticed a black bear
  3805 | D:4      | Slain by a black bear

Illustrated notes

Levels and vault maps discovered:
D:1:      ebering_hopf_link, layout_loops_corners,
          hellmonk_ecumenical_altar_pennies_from_heaven
D:2:      layout_basic, uniq_crazy_yiuf_cottage, uniq_robin
D:3:      layout_basic
D:4:      layout_basic

Skill      XL: |  1  2  3  4  5 |
---------------+----------------+-----
Stealth        | 1 2 3 4 |  4.0
Dodging        | 3 |  3.6
Fighting       | 3 |  3.7
Polearms       | |  3.2
Shields        | |  0.5
Spellcasting   | |  1.6
Poison Magic   | |  1.9
Evocations     | |  1.1

Action                   |  1- 3 |  4- 6 || total
-------------------------+-------+-------++-------
Melee: Spear             |    74 |    57 ||   131
       Constrict         |    13 |     8 ||    21
       Tentacles         |    11 |    11 ||    22
Throw: Dart              |       |     1 ||     1
 Cast: Sting             |     2 |    12 ||    14
 Stab: Sleeping          |     4 |    10 ||    14
Armor: Skin              |     5 |       ||     5
Dodge: Dodged            |    26 |    26 ||    52
Block: Buckler           |     3 |    16 ||    19
